 Dungeon Crawl Stone Soup version 0.20.1-1-g8b1a95d (webtiles) character file.

137 vineage the Slasher (level 5, -3/39 HPs)
             Began as a Demonspawn Gladiator on Sept 22, 2017.
             Killed by Freeze
             ... invoked by hilaritas's ghost
              (5 damage)
             ... on level 3 of the Dungeon.
             The game lasted 00:03:40 (3031 turns).

vineage the Slasher (Demonspawn Gladiator)          Turns: 3031, Time: 00:03:41

Health: -3/39      AC: 12    Str: 22 (24) XL:     5   Next: 0%
Magic:  5/5        EV:  6    Int: 12 (14) God:
Gold:   117        SH:  1    Dex: 14 (15) Spells: 4/4 levels left

rFire    . . .     SeeInvis .   a - +0 long sword
rCold    . . .     Gourm    .   s - -2 buckler (curse)
rNeg     . . .     Faith    .   e - +0 plate armour
rPois    .         Spirit   .   c - +1 helmet
rElec    .         Reflect  .   (no cloak)
rCorr    .         Harm     .   (no gloves)
MR       .....                  (no boots)
Stlth    ..........             (no amulet)
Regen    0.2/turn               i - +4 ring of strength
MPRegen  0.1/turn               (no ring)

@: mighty, brilliant, very slightly contaminated, hasted, invisible, very quick
A: nightstalker 2
a: no special abilities


You were on level 3 of the Dungeon.
You were very hungry.

You visited 1 branch of the dungeon, and saw 3 of its levels.

You collected 117 gold pieces.

Inventory:

Hand Weapons
 a - a +0 long sword (weapon)
Missiles
 d - 3 throwing nets (quivered)
Armour
 b - a +0 leather armour
 c - a +1 helmet (worn)
 e - a +0 plate armour (worn)
 s - a cursed -2 buckler (worn)
Jewellery
 i - a +4 ring of strength (left hand)
 j - a +2 ring of dexterity {unknown}
Potions
 h - a potion of haste
 q - 2 potions of cancellation
Comestibles
 f - 2 bread rations
 g - 3 royal jellies


   Skills:
 + Level 2.6 Fighting
 + Level 4.0 Long Blades
 + Level 1.7 Throwing
 + Level 1.7 Armour
 + Level 3.1 Dodging
 + Level 0.2 Stealth


You had 4 spell levels left.
You didn't know any spells.

Dungeon Overview and Level Annotations

Branches:
Dungeon (3/15)

Altars:

Annotations:
D:3 hilaritas's ghost, weakling DEIE


Innate Abilities, Weirdness & Mutations

You are significantly more attuned to the shadows.


Message History

* * * LOW HITPOINT WARNING * * *
It was a potion of degeneration.
There was something very wrong with that liquid.
You feel weakened.
You feel dopey.
You feel clumsy. Hilaritas's ghost hits you.
* * * LOW HITPOINT WARNING * * *
It was a potion of invisibility.
You fade into invisibility!
Hilaritas's ghost hits you but does no damage.
You are very lightly contaminated with residual magic.
It was a potion of brilliance.
You feel clever all of a sudden.
It was a potion of might.
You feel very mighty all of a sudden. Hilaritas's ghost barely misses you.
Okay, then.
You hit hilaritas's ghost.
Hilaritas's ghost is almost destroyed.
Hilaritas's ghost gestures at you while chanting.
You die...

####..###.#.......#.#.########.#.
.......................>.......#.
....#.###.#.#####.#.#.##########.
....#.# #...÷...#...#.# #.
....#.#####÷###.#.###.####### #.
..........#.# #.#.# #.......## ##
....#.###.#.# #.#.######.....#
..###.# #<#.###W#........##..#
..# #.# #.#.....@######......#
..# #.###........#....)..[#.##
..# #..####......#.###....#.# ..#
##.# #......#.###....#.# ..#
##'####......#........#.# ..#
#.......##########..#.#.# ..#
#.......#...........#.#.# ..#
#.......#...........#.#.# ###
#.......#...........#.#.#


You could see hilaritas's ghost.

Vanquished Creatures
  A worker ant (D:3)
  5 adders
  A worm (D:3)
  2 dart slugs
  2 leopard geckos (D:2)
  An orc (D:3)
  10 bats
  2 giant cockroaches
  9 goblins
  6 hobgoblins
  3 jackals (D:3)
  9 kobolds
  A ball python (D:3)
  A frilled lizard (D:3)
  3 rats
56 creatures vanquished.

Notes
Turn   | Place    | Note
-------+----------+-------------------------------------------
     0 | D:1      | vineage the Demonspawn Gladiator began the quest for the Orb.
     0 | D:1      | Reached XP level 1. HP: 16/16 MP: 1/1
   216 | D:1      | Reached skill level 3 in Long Blades
   366 | D:1      | Gained mutation: You are slightly more attuned to the shadows. [demonic ancestry]
   366 | D:1      | Reached XP level 2. HP: 22/22 MP: 2/2
   909 | D:2      | Reached XP level 3. HP: 18/27 MP: 3/3
  1401 | D:2      | Gained mutation: You are significantly more attuned to the shadows. [demonic ancestry]
  1401 | D:2      | Reached XP level 4. HP: 3/34 MP: 4/4
  1401 | D:2      | HP: 1/34 [adder (2)]
  1405 | D:2      | Reached skill level 1 in Armour
  2638 | D:3      | Reached skill level 4 in Long Blades
  2897 | D:3      | Reached XP level 5. HP: 39/39 MP: 5/5
  3008 | D:3      | Noticed hilaritas's ghost (weakling DEIE)
  3031 | D:3      | Killed from afar by hilaritas's ghost

Skill      XL: |  1  2  3  4 |
---------------+-------------+-----
Long Blades    | 3 4 |  4.0
Dodging        | 3 |  3.1
Armour         | 1 |  1.7
Fighting       | |  2.6
Throwing       | |  1.7
Stealth        | |  0.2

Action                   |  1- 3 |  4- 6 || total
-------------------------+-------+-------++-------
Melee: Long sword        |   167 |   113 ||   280
  Use: Scroll            |       |     5 ||     5
       Potion            |       |     6 ||     6
  Eat: Chunk             |       |     6 ||     6
Armor: Plate armour      |   196 |    76 ||   272
Dodge: Dodged            |    70 |    34 ||   104
Block: Buckler           |       |     1 ||     1
       Rpst.: Long sword |    25 |    12 ||    37
